 Dungeon Crawl Stone Soup version 0.28-a0-664-gc179e30c89 (webtiles) character file.

Game seed: 1490052877403637573

119 kipponium the Poker (level 5, -1/41 HPs)
             Began as a Formicid Abyssal Knight on Oct 16, 2021.
             Was a Believer of Lugonu.
             Slain by a water moccasin (9 damage)
             ... on level 6 of the Dungeon.
             The game lasted 00:04:35 (2292 turns).

kipponium the Poker (Formicid Abyssal Knight)       Turns: 2292, Time: 00:04:35

Health: -1/41      AC:  3    Str: 18    XL:     5   Next: 24%
Magic:  6/6        EV: 11    Int: 10    God:    Lugonu [**....]
Gold:   75         SH:  0    Dex: 11    Spells: 4/4 levels left

rFire   . . .      SeeInvis +   a - +1 spear
rCold   . . .      Faith    .   (no shield)
rNeg    . . .      Spirit   .   b - +0 leather armour
rPois   .          Reflect  .   (helmet unavailable)
rElec   .          Harm     .   (no cloak)
rCorr   +          Rampage  .   (no gloves)
Will    .....                   (no boots)
Stlth   +.........              (no amulet)
HPRegen 0.13/turn               m - ring of resist corrosion
MPRegen 0.10/turn               (no ring)

@: brilliant, flying
A: permanent stasis, dig shafts and tunnels, antennae 3, four strong arms
a: Dig, Shaft Self, Renounce Religion, Depart the Abyss, Bend Space


You were on level 6 of the Dungeon.
You worshipped Lugonu.
Lugonu was pleased with you.
You visited 1 branch of the dungeon, and saw 4 of its levels.
You visited the Abyss 1 time.

You collected 75 gold pieces.

Inventory:

Hand Weapons
 a - a +1 spear (weapon)
Armour
 b - a +0 leather armour (worn)
Jewellery
 m - a ring of resist corrosion (left hand)
Scrolls
 e - a scroll of enchant armour {unknown}
 g - a scroll of identify {unknown}
 h - 2 scrolls of brand weapon {unknown}
 j - a scroll of noise {unknown}
Potions
 l - a potion of ambrosia {unknown}


   Skills:
 - Level 3.2 Fighting
 + Level 5.0 Polearms
 - Level 2.1 Armour
 - Level 0.8 Dodging
 - Level 2.1 Invocations


You had 4 spell levels left.
You didn't know any spells.
Your spell library was empty.

Dungeon Overview and Level Annotations

Branches:
Dungeon (2/15)

Altars:

Annotations:
D:3 Jessica


Innate Abilities, Weirdness & Mutations

You cannot be hasted, slowed, berserked, paralysed or teleported.
You can dig through walls and to a lower floor.
You have a pair of large antennae on your head. (SInv)
Your four strong arms can wield two-handed weapons with a shield.


Message History

You miss the water moccasin.
You feel sick. The water moccasin bites you.
You are more poisoned.
The water moccasin poisons you!
You hit the water moccasin.
The water moccasin is lightly wounded.
You feel very sick.
The water moccasin bites you but does no damage.
You closely miss the water moccasin.
The water moccasin is lightly wounded.
You feel very sick. The water moccasin closely misses you.
The water moccasin bites you but does no damage.
You hit the water moccasin.
The water moccasin is lightly wounded.
You feel very sick. The water moccasin bites you!
* * * LOW HITPOINT WARNING * * *
It was a potion of flight.
You feel very buoyant.
You fly up into the air.
* * * LOW HITPOINT WARNING * * *
You feel very sick.
The water moccasin bites you but does no damage.
It was a potion of haste.
Your stasis prevents you from being hasted.
* * * LOW HITPOINT WARNING * * *
You feel sick.
The water moccasin bites you but does no damage.
It was a potion of curing.
You feel better.
The water moccasin barely misses you. x2
You completely miss the water moccasin.
The water moccasin is lightly wounded.
The water moccasin bites you but does no damage.
You closely miss the water moccasin.
The water moccasin is lightly wounded.
The water moccasin completely misses you.
It was a potion of brilliance.
You feel clever all of a sudden. The water moccasin bites you!
You die...

......! .......
....... ...)<..
....... .......###
.........## #
.......##S####....
##.##.# #.@....#
#.##.###.######
########.###....#
.........# ##.#.#
########.# #.#.#
#.# #.#.#
#.####.#.#####
#.............
#####.####.......#


You could see a water moccasin.

Vanquished Creatures
  An iguana (D:6)
  A gnoll (D:1)
  3 adders
  4 worms
  A dart slug (D:1)
  3 endoplasms
  3 giant cockroaches
  5 goblins
  2 hobgoblins
  A quokka (D:1)
  7 ball pythons
  3 bats
  4 frilled lizards
  6 kobolds
  3 rats
47 creatures vanquished.

Notes
Turn   | Place    | Note
-------+----------+-------------------------------------------
     0 | Abyss:1  | kipponium the Formicid Abyssal Knight began the quest for
                  | the Orb.
     0 | Abyss:1  | Reached XP level 1. HP: 18/18 MP: 2/2
    40 | Abyss:1  | Noticed a tentacled starspawn
    41 | D:1      | Escaped the Abyss
   127 | D:1      | Reached * piety under Lugonu
   128 | D:1      | Reached skill level 3 in Polearms
   128 | D:1      | Reached XP level 2. HP: 3/24 MP: 3/3
   561 | D:1      | Reached XP level 3. HP: 22/29 MP: 4/4
   965 | D:1      | Found a faded altar of an unknown god.
  1111 | D:2      | Reached skill level 4 in Polearms
  1111 | D:2      | Reached XP level 4. HP: 32/35 MP: 5/5
  1121 | D:2      | Reached ** piety under Lugonu
  1788 | D:2      | You fall into a shaft and drop 1 floor!
  2089 | D:3      | Noticed Jessica
  2091 | D:3      | Noticed a black bear
  2104 | D:3      | You fall into a shaft and drop 3 floors!
  2175 | D:6      | Reached skill level 5 in Polearms
  2175 | D:6      | Reached XP level 5. HP: 34/41 MP: 6/6
  2275 | D:6      | Noticed a water moccasin
  2288 | D:6      | HP: 2/41 [poisoned by a water moccasin]
  2292 | D:6      | Slain by a water moccasin

Illustrated notes

Levels and vault maps discovered:
D:1:      amcnicky_arrival_flooded_fountain, layout_rooms,
          dilly_ecumenical_altar_fadedgnrine
D:2:      layout_loops_ring
D:3:      layout_loops_ring, uniq_robin, uniq_jessica, uniq_sigmund
D:6:      layout_loops_ring, minmay_temple_entry_waves

Skill      XL: |  1  2  3  4 |
---------------+-------------+-----
Polearms       | 3 4 5 |  5.0
Fighting       | |  3.2
Armour         | |  2.1
Dodging        | |  0.8
Invocations    | |  2.1

Action                   |  1- 3 |  4- 6 || total
-------------------------+-------+-------++-------
Melee: Spear             |    87 |   104 ||   191
Invok: Depart the Abyss  |     1 |       ||     1
 Abil: Shaft Self        |       |     1 ||     1
  Use: Potion            |       |     4 ||     4
 Stab: Sleeping          |       |     2 ||     2
Armor: Leather armour    |    16 |    15 ||    31
Dodge: Dodged            |    23 |    33 ||    56

Table legend: (Time is in decaauts)
 A = Elapsed time spent in this place.
 B = Non-inter-level travel time spent in this place.
 C = Inter-level travel time spent in this place.
 D = Time resting spent in this place.
 E = Time spent auto-exploring this place.
 F = Levels seen in this place.
 G = Mean time per level.
                   A        B        C        D        E       F      G
               +--------+--------+--------+--------+--------+-----+--------+
         Total |   2273 |   2235 |     38 |    985 |    817 |   5 |  454.6 |
       Dungeon |   2232 |   2194 |     38 |    985 |    817 |   4 |  558.0 |
         Abyss |     41 |     41 |      0 |      0 |      0 |   1 |   41.0 |
               +--------+--------+--------+--------+--------+-----+--------+

Top non-repeatable levels by time:
     D:1: 961 daAuts
     D:2: 772 daAuts
     D:3: 312 daAuts
     D:6: 185 daAuts
 Abyss:1: 41 daAuts
